cohdb
Replays
Latest Replays
All Replays
Popular Replays
Top Player Replays
Match Explorer
How It Works
Community
CoH3 Stats
Reddit
Sign in to upload your games and track your stats! →
Sign in with Steam
Match 43366645
Unlisted
Match 43366645
Overview
Messages
Build Orders
End
Royal Engineer Section
Construct Section Command Post
Vickers Machine Gun Team
Selects Canadian Shock Battlegroup
Dingo Light Scout Car
Selects Attacking Spirit
Selects Canadian Shock Section
Canadian Shock Section
Construct Platoon Command Post
Selects Incendiary Munitions
Canadian Shock Section
Construct Field Infirmary
6-pounder Anti-tank Gun Team
ML 3-inch Mortar Team
Selects Pyrotechnics
Jarkke
Setti-Veke
Blocky
legranduke
0
0
Comments
sign in to comment!
No comments posted yet!